 Dungeon Crawl Stone Soup version 0.29.1-15-g9cfb28693d (webtiles) character file.

Game seed: 14222685993531289412

396 kingofthe the Conjurer (level 6, -2/36 HPs)
             Began as an Octopode Conjurer on Mar 4, 2023.
             Was a Follower of Sif Muna.
             Slain by a sky beast (4 damage)
             ... on level 4 of the Dungeon.
             The game lasted 00:11:47 (4521 turns).

kingofthe the Conjurer (Octopode Conjurer)          Turns: 4521, Time: 00:11:48

Health: -2/36      AC:  1    Str:  6    XL:     6   Next: 82%
Magic:  0/11       EV: 14    Int: 21    God:    Sif Muna [*.....]
Gold:   153        SH:  0    Dex: 12    Spells: 9/12 levels left

rFire   . . .      SeeInvis .   l - +2 dagger (venom)
rCold   . . .      Faith    .   (no shield)
rNeg    . . .      Spirit   .   (helmet restricted)
rPois   .          Reflect  .   (no amulet)
rElec   .          Harm     .   (no ring)
rCorr   .          Rampage  .   (no ring)
Will    .....                   (no ring)
Stlth   ++++......              (no ring)
HPRegen 0.12/turn               (no ring)
MPRegen 0.12/turn               (no ring)
                                (no ring)
                                (no ring)

@: very slightly contaminated
A: almost no armour, amphibious, 8 rings, camouflage 1, gelatinous body 1,
(nimble swimmer 1), tentacles
a: Renounce Religion, Channel Magic


You were on level 4 of the Dungeon.
You worshipped Sif Muna.
Sif Muna was aware of your devotion.
You visited 1 branch of the dungeon, and saw 4 of its levels.

You collected 153 gold pieces.


Innate Abilities, Weirdness & Mutations

You cannot wear most types of armour.
You are amphibious.
You can wear up to eight rings at the same time.
Your skin changes colour to match your surroundings (Stealth+).
Your rubbery body absorbs attacks. (AC +1, EV +1)
((You are camouflaged when in or above water. (Stealth+)))
You have tentacles for arms and can constrict up to eight enemies at once.


   Skills:
 * Level 4.2 Dodging
 + Level 4.5 Stealth
 * Level 3.9 Spellcasting
 + Level 5.1 Conjurations


You had 9 spell levels left.
You knew the following spells:

 Your Spells              Type           Power      Damage    Failure   Level
a - Magic Dart            Conj           100%       1d8       1%          1
b - Searing Ray           Conj           50%        2d6       2%          2

Your spell library contained the following spells:

 Spells                   Type           Power      Damage    Failure   Level
 Freeze                   Ice            16%        1d4       12%         1
 Dazzling Flash           Conj/Hex       28%        N/A       13%         3
 Frozen Ramparts          Ice            8%         1d2       36%         3
 Fulminant Prism          Conj/Hex       7%         3d7       38%         4
 Hailstorm                Conj/Ice       14%        3d5       38%         4
 Iskenderun's Mystic Bla  Conj/Tloc      14%        2d5       38%         4

Inventory:

Hand Weapons
 l - a +2 dagger of venom (weapon)
Jewellery
 D - a +6 ring of dexterity
Scrolls
 b - 2 scrolls of poison {unknown}
 e - a scroll of amnesia {unknown}
 g - a scroll of immolation {unknown}
 h - a scroll of teleportation {unknown}
 j - a scroll of noise {unknown}
 n - 3 scrolls of butterflies {unknown}
 o - 3 scrolls of identify {unknown}
 p - a scroll of silence {unknown}
 q - a scroll of blinking {unknown}
 r - a scroll of enchant armour {unknown}
Potions
 a - a potion of magic
 c - a potion of flight {unknown}
 d - a potion of mutation {unknown}
 f - 2 potions of heal wounds {unknown}
 i - a potion of lignification {unknown}
 k - 2 potions of resistance {unknown}
 m - a potion of cancellation {unknown}

Dungeon Overview and Level Annotations

Branches:
Dungeon (4/15)
 Temple: D:4-7

Altars:
Ru
Sif Muna

#.....⚑###.## #.
#..###.###.## #.#
##.# #.# .## ..#
#.###.###... #.#
#.........## #.#
######..#### #.##
#..# ##.########
##†#
#.@.......####.#
#.{##...........#
#)..
#.####.####.#
#.#.. #.# #.# #.#
# #.. #.# #.# #.#
#.. ... #.# #.#
... ... #.# #.#
#..#<... #.# #.#
##.#. #.# #.#


There were no monsters in sight!


Message History

(Press . to maintain the ray.)
The sky beast hits you. The sky beast shocks you.
The searing ray hits the sky beast.
The sky beast is almost dead.
The sky beast hits you. The sky beast shocks you.
The searing ray hits the sky beast.
The sky beast is almost dead.
The sky beast flickers out of sight!
Deactivating autopickup; reactivate with Ctrl-A.
Something hits you.
* * * LOW HITPOINT WARNING * * *
Something shocks you.
* * * LOW HITPOINT WARNING * * *
You finish channelling your searing ray.
Something barely misses you.
Casting: Searing Ray (safe; 2% risk of failure)
Confirm with . or Enter, or press ? or * to list all spells.
Aiming: Searing Ray (safe; 2% risk of failure)
Press: ? - help, Shift-Dir - straight line You miscast Searing Ray.
You are very lightly contaminated with residual magic.
Nothing appears to happen.
Something hits you.
* * * LOW HITPOINT WARNING * * *
Something shocks you.
* * * LOW HITPOINT WARNING * * *
Casting: Searing Ray (safe; 2% risk of failure)
Confirm with . or Enter, or press ? or * to list all spells.
You don't have enough magic to cast this spell.
Something hits you.
You die...

Skill      XL: |  1  2  3  4  5  6 |
---------------+-------------------+-----
Stealth        | 3 4 |  4.5
Dodging        | 3 4 |  4.2
Spellcasting   | 3 |  3.9
Conjurations   | 5 |  5.1

Action                   |  1- 3 |  4- 6 || total
-------------------------+-------+-------++-------
Melee: Dagger            |       |     7 ||     7
       Constrict         |       |     2 ||     2
       Tentacles         |       |     1 ||     1
 Cast: Magic Dart        |    68 |    91 ||   159
       Searing Ray       |     4 |    15 ||    19
Dodge: Dodged            |     6 |    16 ||    22

Levels and vault maps discovered:
D:1:      matt_arrival_diagonals, layout_basic
D:2:      layout_loops_ring, minmay_pentomino_u2, uniq_robin, uniq_jessica
D:3:      layout_basic, mainiacjoe_overflow_boulevard
D:4:      kennysheep_spiral_hall, layout_loops_ring, lemuel_doored_altar,
          kennysheep_donut, minmay_fountain_box, uniq_natasha

Notes
Turn   | Place    | Note
-------+----------+-------------------------------------------
     0 | D:1      | kingofthe the Octopode Conjurer began the quest for the
                  | Orb.
     0 | D:1      | Reached XP level 1. HP: 11/11 MP: 3/3
   216 | D:1      | Reached XP level 2. HP: 17/17 MP: 3/5
   412 | D:1      | Reached skill level 3 in Stealth
   726 | D:1      | Reached XP level 3. HP: 21/21 MP: 2/6
  1005 | D:1      | Learned a level 2 spell: Searing Ray
  1321 | D:2      | Noticed Robin
  1621 | D:2      | Reached XP level 4. HP: 27/27 MP: 0/8
  1969 | D:2      | Reached skill level 3 in Dodging
  2011 | D:2      | Killed Robin
  2108 | D:2      | Noticed Jessica
  2110 | D:2      | Killed Jessica
  2111 | D:2      | Reached skill level 3 in Spellcasting
  2111 | D:2      | Reached XP level 5. HP: 31/31 MP: 5/9
  2600 | D:3      | Found a shimmering blue altar of Sif Muna.
  2609 | D:3      | Became a worshipper of Sif Muna the Loreminder
  3526 | D:4      | Reached skill level 4 in Stealth
  3526 | D:4      | Reached XP level 6. HP: 21/36 MP: 4/11
  3705 | D:4      | Reached skill level 5 in Conjurations
  3949 | D:4      | Noticed Natasha
  3956 | D:4      | Killed Natasha
  3957 | D:4      | Reached skill level 4 in Dodging
  4446 | D:4      | Found a sacrificial altar of Ru.
  4503 | D:4      | Reached * piety under Sif Muna
  4511 | D:4      | Noticed a sky beast
  4520 | D:4      | HP: 2/36 [something (6)]
  4521 | D:4      | Slain by a sky beast

Vanquished Creatures
  A jelly (D:4)
  An orc priest (D:3)
  Jessica (D:2)
  Natasha (D:4)
  2 iguanas (D:4)
  An orc wizard (D:3)
  Robin (D:2)
  2 gnolls (D:4)
  6 adders
  A worm (D:2)
  2 dart slugs
  6 orcs (D:3)
  4 ball pythons
  8 endoplasms
  5 giant cockroaches
  12 goblins
  8 hobgoblins
  7 kobolds
  4 quokkas
  6 bats
  4 frilled lizards
  8 rats
91 creatures vanquished.

Table legend: (Time is in decaauts)
 A = Elapsed time spent in this place.
 B = Non-inter-level travel time spent in this place.
 C = Inter-level travel time spent in this place.
 D = Time resting spent in this place.
 E = Time spent auto-exploring this place.
 F = Levels seen in this place.
 G = Mean time per level.
                   A        B        C        D        E       F      G
               +--------+--------+--------+--------+--------+-----+--------+
         Total |   4519 |   4395 |    124 |    450 |   3475 |   4 | 1129.8 |
       Dungeon |   4519 |   4395 |    124 |    450 |   3475 |   4 | 1129.8 |
               +--------+--------+--------+--------+--------+-----+--------+

Top non-repeatable levels by time:
     D:1: 1373 daAuts
     D:3: 1103 daAuts
     D:4: 1050 daAuts
     D:2: 991 daAuts

Table legend:
 A = Non-vault XP
 B = Vault XP
 C = Vault XP percentage of total XP
 D = Non-vault monster count
 E = Vault monster count
 F = Vault count percentage of total count
                 A         B        C        D         E       F
            +---------+---------+-------+---------+---------+-------
      Total |     403 |     163 |  28.8 |      79 |      12 |  13.2
            +---------+---------+-------+---------+---------+-------
        D:1 |      47 |       0 |   0.0 |      26 |       0 |   0.0
        D:2 |      32 |      89 |  73.6 |      13 |      10 |  43.5
        D:3 |     121 |       0 |   0.0 |      24 |       0 |   0.0
        D:4 |     203 |      74 |  26.7 |      16 |       2 |  11.1
            +---------+---------+-------+---------+---------+-------
